 Dungeon Crawl Stone Soup version 0.29-a0-2-g12fcac58f8 (webtiles) character file.

Game seed: 3391752498189121129

88651 kae the Brawler (level 15, -28/153 (158) HPs)
             Began as a Yellow Draconian Transmuter on Jan 26, 2022.
             Was a High Priest of Ru.
             Annihilated by Saint Roka (31 damage)
             ... on level 1 of the Orcish Mines.
             The game lasted 00:25:36 (31797 turns).

kae the Brawler (Yellow Draconian Transmuter)      Turns: 31797, Time: 00:25:37

HP:   -28/153 (158) AC: 13    Str: 17    XL:     15   Next: 47%
MP:   29/29         EV: 13    Int: 16    God:    Ru [*****.]
Gold: 3320          SH:  0    Dex: 12    Spells: 26/34 levels left

rFire   x . .      SeeInvis .     - Unarmed
rCold   + + +      Faith    .   (shield currently unavailable)
rNeg    . . .      Spirit   .   (armour unavailable)
rPois   +          Reflect  .   (helmet currently unavailable)
rElec   .          Harm     .   (cloak currently unavailable)
rCorr   .          Rampage  .   (gloves currently unavailable)
Will    +....                   (boots currently unavailable)
Stlth   ..........              m - amulet of Methroyl {RegenMP rC+ Regen+}
HPRegen 1.15/turn               g - +4 ring of protection
MPRegen 0.61/turn               i - ring of protection from cold

@: mighty, exhausted, ice-form, unable to drink, lightly drained
A: freezing attack, amphibious, boosted hp, (spit acid), AC +9, large, unfitting
armour, (acidic bite), (cold-blooded), inability to drink while threatened, no
stealth, inability to use devices, no fire magic, no hexes magic, no necromancy
magic, (acid resistance)
a: End Transformation, Renounce Religion, Draw Out Power, Power Leap, Apocalypse


You were on level 1 of the Orcish Mines.
You worshipped Ru.
Ru was extremely pleased with you.
You were a creature of crystalline ice.
You visited 4 branches of the dungeon, and saw 21 of its levels.
You also visited: Ossuary, Bailey, Gauntlet and Ice Cave.

You collected 3536 gold pieces.
You spent 216 gold pieces at shops.

Inventory:

Armour
 w - a +1 hat of see invisible
Jewellery
 a - an amulet of guardian spirit
 g - a +4 ring of protection (left front paw)
 i - a ring of protection from cold (right front paw)
 m - the amulet of Methroyl (around neck) {RegenMP rC+ Regen+}
   (You found it in a Gauntlet)

   [amulet of magic regeneration]

   It increases your rate of magic regeneration.
   rC:        It protects you from cold.
   Regen:     It increases your rate of health regeneration.
 o - a ring of ice
 p - a +6 ring of intelligence
 q - an amulet of magic regeneration
 y - a +6 ring of intelligence
 I - a ring of ice
Scrolls
 d - 11 scrolls of teleportation
 k - 4 scrolls of fog
 n - 6 scrolls of enchant armour
 s - 3 scrolls of fear
 u - 3 scrolls of silence
 v - a scroll of brand weapon
 A - 3 scrolls of enchant weapon
 B - 4 scrolls of identify
 D - 3 scrolls of blinking
 F - a scroll of holy word
 H - a scroll of amnesia
Potions
 b - 4 potions of might
 c - 2 potions of flight
 e - 11 potions of curing
 f - 9 potions of brilliance
 h - 5 potions of heal wounds
 j - 4 potions of cancellation
 l - 6 potions of lignification
 r - 3 potions of mutation
 t - a potion of resistance
 E - a potion of berserk rage


   Skills:
 + Level 11.7 Fighting
 + Level 10.0 Dodging
 * Level 15.2 Unarmed Combat
 + Level 10.0 Spellcasting
 * Level 14.9 Transmutations
 - Level 5.0 Ice Magic
 - Level 2.0 Poison Magic


You had 26 spell levels left.
You knew the following spells:

 Your Spells              Type           Power      Damage    Failure   Level
a - Beastly Appendage     Tmut           100%       N/A       1%          1
b - Spider Form           Tmut/Pois      35%        N/A       1%          3
c - Ice Form              Ice/Tmut       40%        N/A       1%          4

Your spell library contained the following spells:

 Spells                   Type           Power      Damage    Failure   Level
 Wereblood                Tmut           54%        N/A       1%          2
 Ozocubu's Armour         Ice            24%        N/A       3%          3
 Summon Small Mammal      Summ           32%        N/A       9%          1
 Blink                    Tloc           16%        N/A       14%         2
 Static Discharge         Conj/Air       8%         N/A       14%         2
 Mephitic Cloud           Conj/Pois/Air  10%        N/A       21%         3
 Call Canine Familiar     Summ           8%         N/A       26%         3
 Lesser Beckoning         Tloc           8%         N/A       26%         3
 Freezing Cloud           Conj/Ice/Air   6%         6-21      77%         5
 Manifold Assault         Tloc           8%         N/A       94%         5
 Ozocubu's Refrigeration  Ice            12%        4d7       100%        7
 Ignite Poison            Fire/Tmut/Pois Unusable   N/A       N/A         3
 Animate Skeleton         Necr           Unusable   N/A       N/A         1
 Foxfire                  Conj/Fire      Unusable   2x1d5     N/A         1
 Pain                     Necr           Unusable   1d5       N/A         1
 Yara's Violent Unravell  Hex/Tmut       Unusable   3d8       N/A         5
 Corpse Rot               Necr/Air       Unusable   N/A       N/A         2
 Confusing Touch          Hex            Unusable   N/A       N/A         3
 Conjure Flame            Conj/Fire      Unusable   6-21      N/A         3
 Inner Flame              Hex/Fire       Unusable   N/A       N/A         3
 Summon Guardian Golem    Hex/Summ       Unusable   N/A       N/A         3
 Vampiric Draining        Necr           Unusable   2d6       N/A         3
 Dispel Undead            Necr           Unusable   3d8       N/A         4
 Flame Wave               Conj/Fire      Unusable   2d5       N/A         4
 Sticky Flame             Conj/Fire      Unusable   2d3       N/A         4
 Death Channel            Necr           Unusable   N/A       N/A         6
 Enfeeble                 Hex            Unusable   N/A       N/A         7

Dungeon Overview and Level Annotations

Branches:
Dungeon (12/15)            Temple (1/1) D:7            Lair (6/6) D:10
 Shoals (0/4) Lair:3       Spider (0/4) Lair:2        Slime (0/5) Lair:6
    Orc (2/2) D:9         Ossuary (visited)          Bailey (visited)
  IceCv (visited)         Gauntlet (visited)
    Elf: Orc:2

Altars:
Ashenzari
Cheibriados
Dithmenos
Elyvilon
Fedhas
Gozag
Hepliaklqana
Kikubaaqudgha
Makhleb
Nemelex Xobeh
Okawaru
Qazlal
Ru
Sif Muna
Trog
Uskayaw
Vehumet
Wu Jian
Xom
Yredelemnul
Zin
The Shining One
Jiyva

Shops:
D:5 *   D:6 (   D:10 !

Portals:
Trove: D:12 (give 6 scrolls of fear)

Annotations:
D:2 Grinder
D:10 5 runed translucent doors
Orc:1 Saint Roka


Innate Abilities, Weirdness & Mutations

You are a creature of crystalline ice.
You have a powerful freezing melee attack.
You are amphibious.
Your maximum health is increased.
Your armour is entirely melded.
You are incapable of wielding weapons or throwing items.
((You can spit globs of acid.))
((Your golden yellow scales are hard. (AC +9)))
You cannot fit into any form of body armour.
((You have acidic saliva.))
((You are cold-blooded and may be slowed by cold attacks.))
You sometimes lose the ability to drink potions when taking damage.
You cannot be stealthy.
You cannot study or use magical devices.
You cannot study or cast Fire magic.
You cannot study or cast Hexes magic.
You cannot study or cast Necromancy magic.
((You are resistant to acid. (rCorr)))


Message History

Saint Roka hits you with a +0 great mace!!!
You feel very mighty all of a sudden.
You redirect Saint Roka's attack!
Saint Roka hits themself with a +0 great mace!!
You punch Saint Roka! You freeze Saint Roka.
Saint Roka is moderately wounded.
Saint Roka barely misses you.
You hit Saint Roka but do no damage.
Saint Roka is moderately wounded.
Saint Roka mumbles some strange prayers to Beogh against you.
Beogh smites you!
You pummel Saint Roka!! You freeze Saint Roka.
Saint Roka is heavily wounded.
Saint Roka hits you with a +0 great mace!!
You barely miss Saint Roka.
Saint Roka is heavily wounded.
You barely miss Saint Roka.
Saint Roka is heavily wounded.
Saint Roka mumbles some strange prayers to Beogh against you.
Beogh smites you!
You feel threatened and lose the ability to drink potions!
You pummel Saint Roka!! You freeze Saint Roka.
Saint Roka is heavily wounded.
Saint Roka hits you with a +0 great mace!!
* * * LOW HITPOINT WARNING * * *
You punch Saint Roka! You freeze Saint Roka.
Saint Roka is severely wounded.
Saint Roka hits you with a +0 great mace!!
* * * LOW HITPOINT WARNING * * *
You punch Saint Roka! You freeze Saint Roka.
Saint Roka is severely wounded.
You punch Saint Roka! You freeze Saint Roka.
Saint Roka is severely wounded.
Saint Roka invokes the aid of Beogh against you.
Beogh smites you!
* * * LOW HITPOINT WARNING * * *
You pummel Saint Roka!! You freeze Saint Roka!
Saint Roka is almost dead.
Saint Roka hits you with a +0 great mace!!
You die...

##.## #### #...#
####..## ##.####.#....#
##.###......##
##...###......##
##.#.#.#........#
#............#.###
##.#.......o.....##
##.......Y.......######
######.#.......##.##.##
#.........#......#
#.............#.##
#...<>[........##
#...[.).......##
#.......##.#..##
#...#...####...#
#....#.## ##.##


You could see Saint Roka.

Vanquished Creatures
  Gastronok (Orc:1)
  A minotaur (Gauntlet)
  A dire elephant (Lair:6)
  Snorg (D:10)
  5 boulder beetles
  10 hydras
  6 two-headed ogres
  2 catoblepae
  9 death yaks
  An orc high priest (Orc:2)
  A fire crab (Lair:4)
  An orb spider (Lair:2)
  2 bog bodies (IceCv)
  2 wolf spiders (Lair:6)
  An orc knight (Orc:1)
  2 orc sorcerers (Orc:2)
  3 cyclopes
  An elephant (Lair:3)
  A guardian serpent (Lair:6)
  16 black mambas
  2 ice statues
  A torpor snail (Gauntlet)
  2 gargoyles
  4 rime drakes
  13 komodo dragons
  Psyche (D:8)
  23 cane toads
  4 kobold demonologists (D:11)
  A freezing wraith (IceCv)
  2 entropy weaver simulacra (IceCv)
  7 trolls
  15 polar bears
  4 raiju
  23 blink frogs
  5 hornets
  7 dream sheep (Lair:6)
  14 wyverns
  2 wraiths
  6 steam dragons
  33 yaks
  4 basilisks
  A redback (Lair:6)
  2 death yak simulacra (IceCv)
  7 wargs
  Duvessa (D:4)
  2 acid dragons
  12 hell hounds (Lair:6)
  22 water moccasins
  23 orc warriors
  2 sky beasts
  14 black bears
  An ice beast (D:7)
  A necrophage (D:7)
  34 wolves
  3 ogres
  6 centaurs
  4 boggarts (Lair:4)
  3 phantoms
  3 kobold brigands (D:11)
  10 bullfrogs
  Blork the orc (D:5)
  A wyvern zombie (D:7)
  3 scorpions
  4 two-headed ogre simulacra (IceCv)
  5 water moccasin zombies (Ossuary)
  A cane toad simulacrum (IceCv)
  Dowan (D:4)
  2 elephant simulacra (IceCv)
  8 howler monkeys
  3 wights (D:8)
  4 electric eels (D:9)
  A bullfrog zombie (D:5)
  A jelly (D:6)
  10 orc priests
  4 centaur zombies
  Jessica (D:2)
  A centaur skeleton (D:7)
  5 iguanas
  17 orc wizards
  Natasha (twice) (D:3)
  3 spriggan simulacra (IceCv)
  4 polar bear simulacra (IceCv)
  9 troll simulacra (IceCv)
  A killer bee zombie (D:6)
  A hound skeleton (D:4)
  3 mummies
  3 howler monkey zombies
  Robin (D:3)
  A gnoll (Bailey)
  8 adders
  5 naga simulacra (IceCv)
  2 shadow imps (D:7)
  24 white imps
  6 ufetubi
  2 adder skeletons
  2 adder zombies (Ossuary)
  2 worms
  2 dart slugs (D:5)
  62 orcs
  3 ball pythons (D:3)
  5 endoplasms
  2 giant cockroaches (D:1)
  16 goblins
  10 hobgoblins
  2 quokkas
  2 bats
  A frilled lizard (D:1)
  5 gnoll zombies (Ossuary)
  4 hobgoblin zombies
  25 kobolds
  2 kobold zombies (Ossuary)
  2 orc zombies
  3 rats (D:1)
689 creatures vanquished.

Vanquished Creatures (others)
  A redback (Lair:6)
  An orc warrior (Orc:1)
  An orc wizard (D:9)
  An ufetubus (IceCv)
  An orc (Orc:2)
  57 fungi
  88 plants
150 creatures vanquished.

Grand Total: 839 creatures vanquished

Notes
Turn   | Place    | Note
-------+----------+-------------------------------------------
     0 | D:1      | kae the Draconian Transmuter began the quest for the Orb.
     0 | D:1      | Reached XP level 1. HP: 16/16 MP: 3/3
   540 | D:1      | Reached XP level 2. HP: 23/23 MP: 5/5
   798 | D:1      | Found a faded altar of an unknown god.
  1378 | D:2      | Reached XP level 3. HP: 26/28 MP: 3/6
  1383 | D:2      | Learned a level 3 spell: Spider Form
  1550 | D:2      | Noticed Jessica
  1562 | D:2      | Killed Jessica
  1882 | D:3      | Noticed Grinder
  2122 | D:3      | Reached XP level 4. HP: 23/35 MP: 5/7
  2446 | D:2      | Paralysed by Grinder for 5 turns
  2461 | D:3      | Noticed Robin
  2822 | D:3      | Noticed Natasha
  2837 | D:3      | Killed Natasha
  2838 | D:3      | Reached skill level 1 in Poison Magic
  2843 | D:3      | Killed Robin
  3209 | D:3      | Learned a level 4 spell: Ice Form
  3219 | D:3      | Reached XP level 5. HP: 37/41 MP: 4/8
  3400 | D:3      | Noticed Natasha
  3409 | D:3      | Killed Natasha
  3873 | D:4      | Reached skill level 4 in Unarmed Combat
  4083 | D:4      | Noticed an ogre
  4092 | D:4      | Killed an ogre
  4093 | D:4      | Reached skill level 1 in Ice Magic
  4093 | D:4      | Reached XP level 6. HP: 31/50 MP: 4/10
  4297 | D:4      | Noticed Duvessa
  4299 | D:4      | Noticed Dowan
  4404 | D:4      | Killed Duvessa
  4563 | D:4      | Killed Dowan
  4783 | D:5      | Entered Level 5 of the Dungeon
  4784 | D:5      | Identified a scroll of acquirement
  4784 | D:5      | Acquired 1262 gold pieces
  4836 | D:5      | Your scales start taking on a golden yellow colour.
  4836 | D:5      | Reached XP level 7. HP: 49/57 MP: 11/11
  4836 | D:5      | Gained mutation: You are resistant to acid. (rCorr) [Yellow
                  | Draconian growth]
  4839 | D:5      | Found a sand-covered staircase.
  4872 | Ossuary  | Entered an ossuary
  5176 | Ossuary  | Reached skill level 5 in Unarmed Combat
  5536 | D:5      | Reached XP level 8. HP: 59/63 MP: 8/13
  5988 | D:5      | Reached skill level 5 in Transmutations
  6069 | D:5      | Noticed Blork the orc
  6079 | D:5      | Killed Blork the orc
  6355 | D:5      | Found Eceff's Assorted Antiques.
  6358 | D:5      | Bought a scroll of identify for 54 gold pieces
  6358 | D:5      | Bought 3 scrolls of identify for 162 gold pieces
  6712 | D:5      | Found a glowing silver altar of Zin.
  6949 | D:6      | Reached skill level 6 in Unarmed Combat
  6989 | D:6      | Noticed a cyclops
  7003 | D:6      | Killed a cyclops
  7004 | D:6      | Reached XP level 9. HP: 39/72 MP: 6/15
  7538 | D:6      | Found a radiant altar of Vehumet.
  7574 | D:6      | Found Jaxammui's Firing Range.
  7640 | D:6      | Reached skill level 5 in Ice Magic
  9234 | D:7      | Reached skill level 7 in Unarmed Combat
  9392 | D:7      | Found a staircase to the Ecumenical Temple.
  9506 | D:7      | Reached skill level 5 in Fighting
 10796 | D:8      | Found a blossoming altar of Fedhas.
 10817 | D:8      | Noticed a cyclops
 10922 | D:8      | Found a white marble altar of Elyvilon.
 10924 | D:8      | Noticed Psyche
 10983 | D:8      | Found a flagged portal.
 11004 | Bailey   | Entered a bailey
 11030 | Bailey   | Noticed an orc warlord
 11234 | Bailey   | Reached XP level 10. HP: 81/81 MP: 12/17
 11295 | Bailey   | Found a runed translucent gate.
 11295 | Bailey   | Found a runed translucent gate.
 11295 | Bailey   | Found a runed translucent gate.
 11536 | Bailey   | Reached skill level 9 in Unarmed Combat
 11536 | Bailey   | Reached XP level 11. HP: 91/91 MP: 17/20
 11658 | D:8      | Noticed a two-headed ogre
 11664 | D:8      | Killed a two-headed ogre
 11914 | Temple   | Entered the Ecumenical Temple
 12154 | D:8      | Found a burning altar of Makhleb.
 12235 | D:8      | Found a sparkling altar of Nemelex Xobeh.
 12241 | D:8      | Found a hazy altar of Hepliaklqana.
 12245 | D:8      | Found a sacrificial altar of Ru.
 12246 | D:8      | Found a snail-covered altar of Cheibriados.
 12320 | D:8      | Killed Psyche
 12834 | D:8      | Reached skill level 10 in Unarmed Combat
 12916 | D:8      | Found a basalt altar of Yredelemnul.
 13005 | D:8      | Became a worshipper of Ru the Awakened
 13087 | D:9      | Found a staircase to the Orcish Mines.
 14566 | D:10     | Entered Level 10 of the Dungeon
 14595 | D:10     | Gained mutation: You cannot study or cast Fire magic. [Ru
                  | sacrifice]
 14595 | D:10     | Gained mutation: You cannot study or cast Hexes magic. [Ru
                  | sacrifice]
 14595 | D:10     | Gained mutation: You cannot study or cast Necromancy magic.
                  | [Ru sacrifice]
 14595 | D:10     | Reached * piety under Ru
 14748 | D:10     | Found Zulaneg's Distillery.
 14773 | D:10     | Reached skill level 10 in Transmutations
 14774 | D:10     | Noticed Snorg
 14791 | D:10     | Killed Snorg
 15247 | D:10     | Noticed a wolf spider
 15247 | D:10     | Noticed a wolf spider
 15268 | D:10     | Found a runed translucent door.
 15269 | D:10     | Found a runed translucent gate.
 15270 | D:10     | Found a runed translucent gate.
 15308 | D:10     | Found a runed translucent gate.
 15319 | D:10     | Found a runed translucent door.
 15326 | D:10     | Found the +9 staff of Olgreb {rPois∞}
 15429 | D:10     | Found a staircase to the Lair.
 15545 | D:10     | Found a shadowy altar of Dithmenos.
 16370 | D:11     | Noticed a two-headed ogre
 16381 | D:11     | Killed a two-headed ogre
 16382 | D:11     | Reached XP level 12. HP: 73/101 MP: 10/22
 16716 | D:11     | Noticed a two-headed ogre
 16736 | D:11     | Killed a two-headed ogre
 16737 | D:11     | Reached skill level 11 in Unarmed Combat
 17155 | D:11     | Noticed a six-headed hydra
 17161 | D:11     | Killed a six-headed hydra
 17509 | D:11     | Noticed a two-headed ogre
 17516 | D:11     | Killed a two-headed ogre
 17793 | Lair:1   | Entered Level 1 of the Lair of Beasts
 18428 | Lair:1   | Gained mutation: You cannot be stealthy. [Ru sacrifice]
 19320 | Lair:2   | Reached skill level 12 in Unarmed Combat
 19897 | Lair:2   | Reached XP level 13. HP: 108/111 MP: 18/24
 20382 | Lair:2   | You fall into a shaft and drop 1 floor!
 21646 | Lair:3   | Found a staircase to the Shoals.
 22116 | Lair:3   | Gained mutation: You sometimes lose the ability to drink
                  | potions when taking damage. [Ru sacrifice]
 22116 | Lair:3   | Reached ** piety under Ru
 22116 | Lair:3   | Reached *** piety under Ru
 22172 | Lair:3   | Reached skill level 13 in Unarmed Combat
 23220 | Lair:2   | Found a hole to the Spider Nest.
 23230 | Lair:2   | Reached skill level 10 in Fighting
 23939 | Lair:4   | Found a gate leading to a gauntlet.
 24029 | Gauntlet | Entered a Gauntlet
 24029 | Gauntlet | Found a transporter.
 24029 | Gauntlet | Found a transporter.
 24029 | Gauntlet | Found a transporter.
 24251 | Gauntlet | Found a transporter.
 24254 | Gauntlet | Found a transporter.
 24265 | Gauntlet | Found a transporter.
 24273 | Gauntlet | Found a transporter.
 24288 | Gauntlet | Found a transporter.
 24310 | Gauntlet | Found a transporter.
 24335 | Gauntlet | Found a transporter.
 24353 | Gauntlet | Found a transporter.
 24411 | Gauntlet | Found a transporter.
 24576 | Gauntlet | Identified the amulet of Methroyl {RegenMP rC+ Regen+}
 24838 | Gauntlet | Noticed a minotaur
 24850 | Gauntlet | Killed a minotaur
 24851 | Gauntlet | Gained mutation: You have acidic saliva. [Yellow Draconian
                  | growth]
 24851 | Gauntlet | Reached XP level 14. HP: 121/121 MP: 26/26
 25720 | Lair:5   | Gained mutation: You cannot study or use magical devices.
                  | [Ru sacrifice]
 25720 | Lair:5   | Reached **** piety under Ru
 25720 | Lair:5   | Reached ***** piety under Ru
 26325 | Lair:5   | Found a dark tunnel.
 26509 | Lair:6   | Entered Level 6 of the Lair of Beasts
 26542 | Lair:6   | Found a hide-covered altar of Uskayaw.
 26546 | Lair:6   | Found an ornate altar of the Wu Jian Council.
 26607 | Lair:6   | Reached skill level 14 in Unarmed Combat
 26731 | Lair:6   | Found a staircase to the Slime Pits.
 26731 | Lair:6   | Found a viscous altar of Jiyva.
 27966 | Lair:6   | Reached XP level 15. HP: 130/130 MP: 28/28
 29520 | D:12     | Found a portal to a secret trove of treasure.
 29932 | Orc:1    | Entered Level 1 of the Orcish Mines
 30023 | Orc:2    | Entered Level 2 of the Orcish Mines
 30176 | Orc:1    | Noticed Gastronok
 30186 | Orc:1    | Killed Gastronok
 30250 | Orc:1    | Reached skill level 15 in Unarmed Combat
 30353 | Orc:1    | Found a frozen archway.
 30365 | IceCv    | Entered an ice cave
 30867 | IceCv    | Reached skill level 10 in Dodging
 30871 | IceCv    | Reached skill level 10 in Spellcasting
 31313 | Orc:2    | Noticed an orc warlord
 31334 | Orc:2    | Noticed Saint Roka
 31796 | Orc:1    | HP: 2/153 [Saint Roka/divine providence (12)]
 31797 | Orc:1    | Annihilated by Saint Roka

Illustrated notes

Levels and vault maps discovered:
D:1:      dpeg_arrival_round_c, layout_basic,
          hellmonk_ecumenical_altar_crossroads, st_stairs_5, minmay_pentomino_x4
D:2:      layout_rooms, minivault_27, chequers_serial_rivers_micro_c,
          uniq_jessica
D:3:      layout_loops_ring, guppyfry_early_orc_mine, uniq_robin, uniq_grinder,
          uniq_natasha
D:4:      layout_cave_pools, uniq_duvessa
D:5:      layout_loops_ring, lemuel_coloured_pillars_altar,
          nicolae_ossuary_entry_giza, serial_shops, kennysheep_mini,
          grunt_ministairs_5, nicolae_concentric_dashed_squares_wild,
          minmay_joined_circles, uniq_blork_the_orc
D:6:      layout_layer_cave, nicolae_vehumet_altar_sigil, nrook_loot_triangle,
          st_stairs_7, nicolae_shop_firing_range
D:7:      layout_layer_cave, minmay_temple_entry_ruins,
          chequers_hall_statues_wall_a, st_stairs_11, minmay_checkerbox
D:8:      layout_loops_cross, grunt_temple_overflow_open, lemuel_tele_altar,
          marbit_many_paths, enter_bailey_5, grunt_tough_drop, uniq_psyche
D:9:      layout_cave_pods, david_orc_2, serial_bayou_lagoon_b
D:10:     layout_rooms, grunt_dithmenos_smoke_and_mirrors, david_lair_generic,
          serial_shops, nicolae_shop_temple_entry_statues_fountains,
          dk_noncrumbling_3, minmay_guarded_unrand_staff_of_olgreb, uniq_snorg
D:11:     layout_long_grid, chequers_serial_rivers_large_a, kennysheep_potato
D:12:     layout_irregular_city, trove_entry_hex_spiral
Temple:   minmay_temple_curvy_loop
Lair:1:   layout_misc_corridors
Lair:2:   layout_small_grid, nicolae_spider_entry_orb_guardian, serial_rivers,
          chequers_serial_rivers_large_b, chequers_serial_rivers_small_3,
          chequers_serial_rivers_micro_d, chequers_serial_rivers_room_a
Lair:3:   nzn_winding_woodlands_medium [nzn_winding_woodlands_5x5_three,
          nzn_winding_woodlands_5x15_pathside_ponds,
          nzn_winding_woodlands_5x5_default, nzn_winding_woodlands_hourglass,
          nzn_winding_woodlands_center_pierced_h,
          nzn_winding_woodlands_5x5_perimeter,
          nzn_winding_woodlands_5x5_default,
          nzn_winding_woodlands_5x15_split_checker,
          nzn_winding_woodlands_5x5_closed_star], layout_layer_cave,
          minmay_shoals_entry_centaurs
Lair:4:   layout_concentric_octagons, gauntlet_entry_generic,
          kilobyte_rumbling_trees
Lair:5:   layout_cave_pods, lightli_volcano_entry_magma_tube
Lair:6:   hangedman_lair_caniforms_friends, layout_regular_city,
          hangedman_lair_tendril_chambers, slime_altar_1,
          nzn_masters_of_martial_movement, lemuel_fruit_tree
Orc:1:    emtedronai_trogs_sanctum, layout_caves, ebering_ghost_rock_garden,
          basic_altar, portal_ice_cave_entry_imps, uniq_gastronok,
          uniq_josephine
Orc:2:    st_orc_congregation, layout_caves, special_room, nicolae_orc_rockfall,
          uniq_saint_roka

Skill      XL: |  1  2  3  4  5  6  7  8  9 10 11 12 13 14 15 |
---------------+----------------------------------------------+-----
Dodging        | 2 3 4 6 7 8 9 10 | 10.0
Poison Magic   | 1 2 |  2.0
Transmutations | 3 4 5 7 9 10 11 13 14 | 14.9
Fighting       | 2 3 4 5 6 8 9 10 11 | 11.7
Unarmed Combat | 4 5 6 7 9 10 12 13 14 15 | 15.2
Ice Magic      | 1 2 3 4 5 |  5.0
Spellcasting   | 3 4 6 7 8 9 10 | 10.0

Action                   |  1- 3 |  4- 6 |  7- 9 | 10-12 | 13-15 || total
-------------------------+-------+-------+-------+-------+-------++-------
Melee: Unarmed           |    81 |   149 |   398 |   463 |  1123 ||  2214
       Kick              |    13 |    25 |    26 |       |       ||    64
       Headbutt          |     5 |    15 |    13 |       |       ||    33
       Tailslap          |     6 |    10 |    14 |       |     2 ||    32
       Punch             |     1 |     4 |     5 |       |     1 ||    11
       Bite              |       |       |       |       |     3 ||     3
 Cast: Beastly Appendage |    20 |    19 |    10 |       |       ||    49
       Spider Form       |     1 |     7 |    10 |       |       ||    18
       Ice Form          |       |       |    32 |    56 |   114 ||   202
Invok: Sacrifice Arcana  |       |       |       |     1 |       ||     1
       Sacrifice Stealth |       |       |       |     1 |       ||     1
       Sacrifice Drink   |       |       |       |       |     1 ||     1
       Draw Out Power    |       |       |       |       |     2 ||     2
       Sacrifice Artific |       |       |       |       |     1 ||     1
       Reject Sacrifices |       |       |       |       |     1 ||     1
       Power Leap        |       |       |       |       |     1 ||     1
 Abil: Breathe Acid      |       |       |       |     2 |       ||     2
Evoke: Wand              |       |       |       |     8 |       ||     8
  Use: Scroll            |     6 |     2 |    14 |     7 |     6 ||    35
       Potion            |     1 |       |       |     1 |     2 ||     4
 Stab: Invisible         |       |       |       |       |    11 ||    11
       Distracted        |       |       |       |       |     5 ||     5
       Petrified         |       |       |       |       |     5 ||     5
       Paralysed         |       |       |       |       |     3 ||     3
Armor: Skin              |    23 |    17 |   118 |   207 |   398 ||   763
Dodge: Dodged            |    40 |   100 |   216 |   296 |   597 ||  1249

Table legend: (Time is in decaauts)
 A = Elapsed time spent in this place.
 B = Non-inter-level travel time spent in this place.
 C = Inter-level travel time spent in this place.
 D = Time resting spent in this place.
 E = Time spent auto-exploring this place.
 F = Levels seen in this place.
 G = Mean time per level.
                   A        B        C        D        E       F      G
               +--------+--------+--------+--------+--------+-----+--------+
         Total |  31519 |  30254 |   1265 |   1876 |  23539 |  25 | 1260.8 |
       Dungeon |  17630 |  16995 |    635 |   1102 |  13837 |  12 | 1469.2 |
        Temple |    221 |    195 |     26 |      0 |    190 |   1 |  221.0 |
          Lair |   9994 |   9420 |    574 |    306 |   7473 |   6 | 1665.7 |
  Orcish Mines |    957 |    929 |     28 |     16 |    619 |   2 |  478.5 |
       Ossuary |    549 |    549 |      0 |     97 |    290 |   1 |  549.0 |
        Bailey |    534 |    534 |      0 |     88 |    248 |   1 |  534.0 |
      Ice Cave |    721 |    721 |      0 |     45 |    432 |   1 |  721.0 |
      Gauntlet |    910 |    910 |      0 |    222 |    449 |   1 |  910.0 |
               +--------+--------+--------+--------+--------+-----+--------+

Top non-repeatable levels by time:
  Lair:3: 2563 daAuts
     D:3: 2304 daAuts
  Lair:6: 2141 daAuts
     D:6: 2071 daAuts
    D:11: 2061 daAuts
     D:7: 1998 daAuts
     D:9: 1893 daAuts
  Lair:2: 1870 daAuts
     D:5: 1483 daAuts
  Lair:1: 1432 daAuts
     D:8: 1377 daAuts
    D:10: 1076 daAuts
     D:1: 1013 daAuts
  Lair:4: 995 daAuts
  Lair:5: 990 daAuts
